 Dungeon Crawl Stone Soup version 0.30-a0-137-gd8773701ce (webtiles) character file.

Game seed: 14263913963140420580

115 Sobieck the Caller (level 5, -1/31 HPs)
             Began as an Octopode Summoner on Sept 23, 2022.
             Slain by a kobold brigand
             ... wielding a +0 club
              (4 damage)
             ... on level 6 of the Dungeon.
             The game lasted 00:06:43 (3132 turns).

Sobieck the Caller (Octopode Summoner)              Turns: 3132, Time: 00:06:44

Health: -1/31      AC:  1    Str:  8    XL:     5   Next: 0%
Magic:  7/9        EV: 13    Int: 25    God:
Gold:   122        SH:  0    Dex: 18    Spells: 1/10 levels left

rFire   + . .      SeeInvis .    a - +0 dagger (speed) {short}
rCold   . . .      Faith    .    (no shield)
rNeg    . . .      Spirit   .    (helmet restricted)
rPois   .          Reflect  .    (no amulet)
rElec   .          Harm     .    m - ring of protection from fire
rCorr   .          Rampage  .    o - +6 ring of intelligence
Will    .....                    t - +6 ring of dexterity
Stlth   +++.......               (no ring)
HPRegen 0.10/turn                (no ring)
MPRegen 0.11/turn                (no ring)
                                 (no ring)
                                 (no ring)

@: mighty, brilliant, slowed, very slow
A: almost no armour, amphibious, 8 rings, camouflage 1, gelatinous body 1,
(nimble swimmer 1), tentacles
a: no special abilities


You were on level 6 of the Dungeon.
You visited 1 branch of the dungeon, and saw 5 of its levels.

You collected 122 gold pieces.


Innate Abilities, Weirdness & Mutations

You cannot wear most types of armour.
You are amphibious.
You can wear up to eight rings at the same time.
Your skin changes colour to match your surroundings (Stealth+).
Your rubbery body absorbs attacks. (AC +1, EV +1)
((You are camouflaged when in or above water. (Stealth+)))
You have tentacles for arms and can constrict up to eight enemies at once.


   Skills:
 - Level 2.0 Dodging
 - Level 2.6 Stealth
 + Level 3.0 Spellcasting
 * Level 5.5 Summonings


You had one spell level left.
You knew the following spells:

 Your Spells              Type           Power      Damage    Failure   Level
a - Call Imp              Summ           47%        N/A       1%          2
b - Summon Small Mammal   Summ           100%       N/A       1%          1
c - Call Canine Familiar  Summ           47%        N/A       3%          3
d - Summon Guardian Gole  Hex/Summ       26%        N/A       10%         3

Your spell library contained the following spells:

 Spells                   Type           Power      Damage    Failure   Level
 Ensorcelled Hibernation  Hex/Ice        10%        N/A       16%         2
 Passwall                 Tmut/Erth      4%         N/A       16%         2
 Swiftness                Air            5%         N/A       30%         3
 Summon Lightning Spire   Summ/Air       26%        N/A       32%         4

Inventory:

Hand Weapons
 a - a +0 dagger of speed (weapon) {short}
   (You found it on level 1 of the Dungeon)
 d - a +0 dagger {short}
   (You took it off a goblin on level 1 of the Dungeon)
Missiles
 g - 36 stones {throwing}
 p - 3 atropa-tipped darts {throwing}
Magical Staves
 q - a staff of conjuration {!a@e2staff}
   (You found it on level 2 of the Dungeon)
Jewellery
 m - a ring of protection from fire (left tentacle)
   (You found it on level 2 of the Dungeon)
 o - a +6 ring of intelligence (right tentacle)
   (You found it on level 2 of the Dungeon)
 t - a +6 ring of dexterity (on tentacle)
   (You found it on level 3 of the Dungeon)
Scrolls
 c - a scroll of blinking {unknown}
 j - a scroll of identify {unknown}
 k - a scroll of enchant armour {unknown}
 l - a scroll of magic mapping {unknown}
 s - a scroll of fear {unknown}
 v - 2 scrolls of butterflies {unknown}
Potions
 b - a potion of resistance {unknown}
 e - a potion of might
 f - 2 potions of magic
 h - a potion of curing {@q1}
 i - a potion of cancellation {unknown}
 n - a potion of mutation {unknown}
 r - a potion of brilliance
 u - a potion of flight {unknown}
 w - a potion of invisibility {unknown}

Dungeon Overview and Level Annotations

Branches:
Dungeon (6/15) Zot: 26844
 Temple: D:4-7

Altars:
Okawaru
Sif Muna

Shops:
D:3

* #.# #..............
#.# ###.###.......# ...
### #...........# ...
..# #####.......# ...
#.# #........ #.#
#.......# #.# ####.#...
#.####.## #.#...
#..K.K@.# #.....
######K.#############.#
#................#
#.################ ...#
#####


You could see a kobold brigand and 2 kobolds.


Message History

You kill the adder!
Your Spellcasting skill increases to level 3!
You see here an adder corpse.
Unknown command.
You start resting.
Unknown command.
You start resting.
Unknown command.
An ufetubus comes into view.
Danger!
Unknown command.
The helpless ufetubus fails to defend itself.
You puncture the ufetubus!
You kill the ufetubus!
Unknown command.
Unknown command.
Unknown command.
You can't go up here!
Unknown command.
Unknown command.
This spell is quite dangerous to cast!
Memorise Summon Guardian Golem, consuming 3 spell levels and leaving 0?
You start memorising the spell.
You continue memorising. x3
You finish memorising.
Spell assigned to 'd'.
Unknown command.
Unknown command.
You now have 122 gold pieces (gained 13).
Unknown command.
g - 36 stones {throwing} (gained 5)
A kobold comes into view. It is wielding a +0 short sword.
Danger!
Unknown command.
The kobold shouts!
You hear a shout! x3
You hit the kobold. You grab the kobold. You constrict the kobold.
You kill the kobold!
You have reached level 5!
You feel stronger.
A kobold brigand and a kobold come into view.
The kobold brigand is wielding a +0 club and quivering curare-tipped darts.
You see here a +0 short sword {short}.
Danger!
Unknown command.
The kobold brigand barely misses you.
Unknown command.
Unknown command.
Unknown command.
You barely miss the kobold brigand. You grab the kobold brigand.
You constrict the kobold brigand.
A kobold comes into view. It is wielding a +0 club.
The kobold brigand hits you with a +0 club.
Unknown command.
Unknown command.
Unknown command.
Casting: Summon Small Mammal (safe; 1% risk of failure)
Confirm with . or Enter, or press ? or * to list all spells.
You constrict the kobold brigand.
The kobold brigand hits you with a +0 club.
You release your grip on the kobold brigand.
The kobold brigand throws a curare-tipped dart.
The curare-tipped dart hits you.
You are poisoned.
You have difficulty breathing.
* * * LOW HITPOINT WARNING * * *
You feel yourself slow down.
It was a potion of might.
You feel very mighty all of a sudden.
* * * LOW HITPOINT WARNING * * *
You feel very sick.
The kobold brigand throws a curare-tipped dart.
The curare-tipped dart hits your hound.
Your hound is poisoned.
Your hound convulses.
Your hound seems to slow down.
Your hound closely misses the kobold brigand.
The kobold brigand throws a curare-tipped dart.
The curare-tipped dart hits your hound.
Your hound looks as sick as possible!
Your hound convulses.
Your hound seems to be slow for longer.
Unknown command.
Unknown command.
It was a potion of brilliance.
You feel clever all of a sudden.
* * * LOW HITPOINT WARNING * * *
You feel very sick.
Your hound dies!
Your hound's corpse disappears in a puff of smoke!
Unknown command.
It was a potion of curing.
You feel better.
The kobold brigand hits you with a +0 club!
* * * LOW HITPOINT WARNING * * *
The kobold throws a stone.
The stone closely misses you.
Unknown command.
Okay, then.
Unknown command.
You hit the kobold brigand. Your grab misses the kobold brigand.
You squeeze the kobold brigand!
The kobold throws a stone.
The stone completely misses you. The kobold brigand misses you.
Unknown command.
Unknown command.
You puncture the kobold brigand! Your grab misses the kobold brigand.
The kobold brigand hits you with a +0 club.
You die...

Skill      XL: |  1  2  3  4 |
---------------+-------------+-----
Summonings     | 5 |  5.5
Spellcasting   | 3 |  3.0
Dodging        | |  2.0
Stealth        | |  2.6

Action                   |  1- 3 |  4- 6 || total
-------------------------+-------+-------++-------
Melee: Unarmed           |    22 |       ||    22
       Constrict         |    19 |    11 ||    30
       Tentacles         |     9 |    10 ||    19
       Punch             |     1 |     2 ||     3
       Dagger            |    37 |    68 ||   105
 Cast: Summon Small Mamm |    11 |     8 ||    19
       Call Imp          |     1 |     4 ||     5
       Call Canine Famil |       |     1 ||     1
  Use: Potion            |       |     3 ||     3
 Stab: Distracted        |     2 |       ||     2
       Sleeping          |     6 |     7 ||    13
Armor: Skin              |     2 |     6 ||     8
Dodge: Dodged            |    31 |    38 ||    69

Levels and vault maps discovered:
D:1:      roderic_octagonal_star, layout_basic
D:2:      layout_loops_ring, serial_forest, infiniplex_forest_clump_large,
          infiniplex_forest_clump_long, infiniplex_forest_end_2,
          infiniplex_forest_straight_4, infiniplex_forest_clump_small,
          infiniplex_forest_straight_4, infiniplex_forest_lined_3_way,
          infiniplex_forest_lined_4_way, ebering_ecumenical_altar_webs
D:3:      layout_basic, okawaru_metal_pillars_1_2, serial_shops, shop
D:5:      layout_basic, mainiacjoe_overflow_small_starburst,
          mainiacjoe_overflow_cross_hatched, lemuel_tele_altar
D:6:      layout_loops_ring

Notes
Turn   | Place    | Note
-------+----------+-------------------------------------------
     0 | D:1      | Sobieck the Octopode Summoner began the quest for the Orb.
     0 | D:1      | Reached XP level 1. HP: 11/11 MP: 3/3
     3 | D:1      | You pick up a book of Burglary and begin reading...
     3 | D:1      | You add the spells Passwall, Ensorcelled Hibernation and
                  | Swiftness to your library.
   423 | D:1      | Reached XP level 2. HP: 17/17 MP: 1/5
   695 | D:1      | Learned a level 2 spell: Call Imp
  1191 | D:1      | Reached XP level 3. HP: 21/21 MP: 6/6
  1195 | D:1      | Learned a level 3 spell: Call Canine Familiar
  1530 | D:2      | Reached skill level 5 in Summonings
  1550 | D:2      | Reached XP level 4. HP: 27/27 MP: 6/8
  1692 | D:2      | You pick up a book of Callings and begin reading...
  1936 | D:2      | Found a faded altar of an unknown god.
  2672 | D:3      | Found an iron altar of Okawaru.
  2681 | D:3      | Found Teyka's General Store.
  2928 | D:3      | You fall into a shaft and drop 2 floors!
  2928 | D:5      | Entered Level 5 of the Dungeon
  2928 | D:5      | Found a shimmering blue altar of Sif Muna.
  2983 | D:6      | Reached skill level 3 in Spellcasting
  3080 | D:6      | Learned a level 3 spell: Summon Guardian Golem
  3123 | D:6      | Reached XP level 5. HP: 31/31 MP: 9/9
  3123 | D:6      | Noticed a kobold brigand
  3128 | D:6      | HP: 5/31 [poisoned by a kobold brigand (curare-tipped
                  | dart)]
  3129 | D:6      | HP: 2/31 [poisoned by a kobold brigand (curare-tipped
                  | dart)]
  3132 | D:6      | Slain by a kobold brigand

Vanquished Creatures
  3 adders
  An ufetubus (D:6)
  2 dart slugs (D:1)
  2 endoplasms
  2 giant cockroaches (D:1)
  3 goblins
  9 hobgoblins
  2 jackals (D:1)
  3 quokkas
  5 ball pythons
  A bat (D:2)
  4 frilled lizards
  3 kobolds
  5 rats (D:1)
45 creatures vanquished.

Vanquished Creatures (collateral kills)
  3 adders (D:2)
  A hobgoblin (D:1)
  2 kobolds (D:2)
  A rat (D:2)
7 creatures vanquished.

Vanquished Creatures (others)
  A plant (D:2)
1 creature vanquished.

Grand Total: 53 creatures vanquished

Table legend:
 A = Non-vault XP
 B = Vault XP
 C = Vault XP percentage of total XP
 D = Non-vault monster count
 E = Vault monster count
 F = Vault count percentage of total count
                 A         B        C        D         E       F
            +---------+---------+-------+---------+---------+-------
      Total |     165 |       0 |   0.0 |      52 |       0 |   0.0
            +---------+---------+-------+---------+---------+-------
        D:1 |      46 |       0 |   0.0 |      25 |       0 |   0.0
        D:2 |      69 |       0 |   0.0 |      14 |       0 |   0.0
        D:3 |      28 |       0 |   0.0 |      10 |       0 |   0.0
        D:6 |      22 |       0 |   0.0 |       3 |       0 |   0.0
            +---------+---------+-------+---------+---------+-------

Illustrated notes

Table legend:
 A = Kills in this place as a percentage of kills in entire the game.
 B = Kills by you in this place as a percentage of kills by you in the entire game.
 C = Kills by friends in this place as a percentage of kills by friends in the entire game.
 D = Other kills in this place as a percentage of other kills in the entire game.
 E = Experience gained in this place as a percentage of experience gained in the entire game.
 F = Experience gained in this place divided by the number of levels of this place that you have seen.
                   A       B       C       D       E      F
               +-------+-------+-------+-------+-------+----------------------
         Total | 100.0 | 100.0 | 100.0 |   N/A | 100.0 |  33.0
       Dungeon | 100.0 | 100.0 | 100.0 |   N/A | 100.0 |  33.0
               +-------+-------+-------+-------+-------+----------------------

Table legend: (Time is in decaauts)
 A = Elapsed time spent in this place.
 B = Non-inter-level travel time spent in this place.
 C = Inter-level travel time spent in this place.
 D = Time resting spent in this place.
 E = Time spent auto-exploring this place.
 F = Levels seen in this place.
 G = Mean time per level.
                   A        B        C        D        E       F      G
               +--------+--------+--------+--------+--------+-----+--------+
         Total |   3100 |   3027 |     73 |    485 |   2007 |   5 |  620.0 |
       Dungeon |   3100 |   3027 |     73 |    485 |   2007 |   5 |  620.0 |
               +--------+--------+--------+--------+--------+-----+--------+

Top non-repeatable levels by time:
     D:1: 1463 daAuts
     D:2: 972 daAuts
     D:3: 463 daAuts
     D:6: 154 daAuts
     D:5: 45 daAuts
